Unix NetHack Version 5.0.0-0 post-release - last build May 31 2026 23:59:36 (970b52f25bf058293b47ddfd14a1e40e571c508c,branch:main).

Game began 2026-06-09 17:41:33, ended 2026-06-09 20:54:28.

KraJa, chaotic male elven Wizard

                                          --
                                        ...               .     -------
                       ------------------#----------------.     |..--.---
                    -- |.*......*.......................0|.     |.......--
                | ---. |.------------.0....-------------.|.     --.......---
                |..... |.|...|...|..|......|.......|...|.|.      |.........|
                 -.....|.|.*.|...|.........|...........|.#.-------.........|
                 |.....#.|*..|...|..|...0..|...|...|...|.|................--
                 -.....|.--*---.-----......--.-|...|...|.|.---------......|
                |. --- |........0....**.0.0....--.---.--.|.|       ---...<|
                --     |....*....{..0.....0......0.......|.|         ----.|
                       |...........--...--.....--.---.--.|.|            |.|
                       |.--|------.|.....|.----|...|...|.|.|            |.|
                       |.|..*.|.k|.|.....|.|...|...|...|.|.|      -------.|
                       |.|....|..+.|..i*.|.....|...|...|.|.|      |.......|
                       |.|.*.....|.|.....|.|...|...|..*|.|.|      |.......|
                       |.---------e----.--.-------------.|.|     --.......----
                      .#:..................0.............|.|     |...........|
                      .----------#---------.--#-----------.|     |...........|
                      ................*f*@o...o............|     --..|.|.--.--
                        ---- -------------------------------      -----------
KraJa the Thaumaturge     St:13 Dx:11 Co:16 In:19 Wi:11 Ch:7  Chaotic
Dlvl:5  $:144 HP:0(38) Pw:63(78) AC:4  Xp:6/598 T:5733  Burdened Blind

Latest messages:
 Pita drops a rock.
 Pita picks up a rock.
 Pita drops a rock.
 Pita picks up a rock.
 Pita drops a rock.
 Pita picks up a rock.
 Pita drops a rock.
 Pita picks up a rock.
 Pita drops a rock.
 You can move again.
 What do you want to drop? [$a-zBCG-MPUW-Z or ?*]
 You drop 41 rocks.
 Your movements are only slowed slightly by your load.
 What do you want to put on? [t or ?*]
 You are now wearing a blindfold named @.
 You can't see any more.
 You hit the floating eye.
 The magic-absorbing blade stuns the floating eye!
 The magic-absorbing blade cancels the floating eye!
 A gecko suddenly appears!
 You miss the floating eye.
 You miss the floating eye.
 The magic-absorbing blade scares the floating eye!
 You kill the floating eye!
 You try to feel what is lying here on the floor.
 You have a little trouble lifting A - a potion.
 You try to feel what is lying here on the floor.
 There is a floating eye corpse here; eat it? [ynq] (n)
 Blecch!  Rotten food!
 The world spins and you slap against the floor.
 You are conscious again.
 There is a partly eaten floating eye corpse here; eat it? [ynq] (n)
 You resume your meal.
 You finish eating the floating eye corpse.
 The magic-absorbing blade scares the floating eye!
 The magic-absorbing blade scares the floating eye!
 The hill orc hits!
 You miss the hill orc.
 The hill orc hits!
 The magic-absorbing blade probes the hill orc!
 The probe is insightful.
 Status of the hill orc (chaotic, medium):  Level 3  HP 17(17)  AC 1.
 The hill orc hits!
 In what direction?
 The spell hits the hill orc!
 The spell hits the floating eye!
 You kill the floating eye!
 The hill orc hits!
 You die...
 Do you want your possessions identified? [ynq] (y)

Inventory:
 Coins    ('$')
  $ - 144 gold pieces
 Weapons  (')')
  J - 2 uncursed +0 daggers named @
  a - the uncursed rustproof +0 Magicbane (weapon in right hand)
  q - a blessed +1 orcish dagger named @
  b - 6 uncursed +0 orcish daggers named @
  o - an uncursed +0 scimitar
  w - an uncursed +0 scimitar
 Armor    ('[')
  H - a blessed +2 orcish helm named @ (being worn)
  k - an uncursed +0 orcish helm
  s - an uncursed +0 orcish helm
  y - an uncursed +0 orcish helm
  B - an uncursed +0 pair of iron shoes named @ (being worn)
  C - an uncursed +0 cloak of magic resistance named @50 (being worn)
 Comestibles  ('%')
  P - an uncursed fortune cookie
  x - an uncursed lembas wafer
  v - 4 uncursed lichen corpses
 Scrolls  ('?')
  G - an uncursed scroll of create monster
  f - an uncursed scroll of earth
  j - an uncursed scroll of light
 Spellbooks  ('+')
  d - an uncursed spellbook of confuse monster
  I - an uncursed spellbook of extra healing
 Potions  ('!')
  A - an uncursed potion of invisibility
  h - an uncursed potion of see invisible
 Wands    ('/')
  c - an uncursed wand of magic missile (0:0)
  i - an uncursed wand of magic missile named ~ (0:0)
  r - an uncursed wand of striking named @ (0:4)
  U - an uncursed wand of striking (0:4)
  e - an uncursed wand of striking (0:0)
  M - an uncursed wand of striking (0:0)
  Z - an uncursed wand of striking (0:0)
  K - a cursed wand of striking (0:4)
 Tools    ('(')
  l - an uncursed drum of earthquake (0:8)
  t - an uncursed blindfold named @ (being worn)
  L - an uncursed leash named @
  W - an uncursed oil lamp
  p - an uncursed +0 pick-axe named @
  X - 3 uncursed tallow candles
  g - 2 cursed tallow candles
  Y - 6 uncursed wax candles
 Gems/Stones  ('*')
  m - 2 uncursed fluorite stones
  n - an uncursed topaz stone
  u - an uncursed worthless piece of green glass

KraJa the Wizard's attributes:

Background:
 You were a Thaumaturge, a level 6 male elven Wizard.
 You were chaotic, on a mission for Anhur
 who was opposed by Ptah (lawful) and Thoth (neutral).
 You were right-handed.
 You were in the Gnomish Mines, on level 5.
 You entered the dungeon 5733 turns ago.
 You had 598 experience points, 42 more were needed to attain level 7.

Basics:
 You had 0 out of 38 hit points.
 You had 63 out of 78 energy points (spell power).
 Your armor class was 4.
 Your wallet contained 144 zorkmids.
 Autopickup was on for all types, with exceptions.

Final Characteristics:
 Your strength was 13 (limit:18).
 Your dexterity was 11 (limit:18).
 Your constitution was 16 (limit:16).
 Your intelligence was 19 (limit:20).
 Your wisdom was 11 (limit:20).
 Your charisma was 7 (limit:18).

Final Status:
 You were deliberately blind.
 You weren't hungry.
 You were burdened; movement was slightly slowed.
 You were wielding a dagger.
 You were unskilled in dagger.

Final Attributes:
 You were piously aligned.
 You were magic-protected.
 You were sleep resistant.
 You were telepathic.
 You had infravision.
 You were warded.
 You were lucky.
 You are dead.

Miscellaneous:
 You didn't encounter any bones levels.
 Total elapsed playing time was 1 hour, 21 minutes and 9 seconds.

Major events:
 Turn
    1: KraJa the chaotic male elven Wizard entered the dungeon
 1188: attained the rank of Conjurer (level 3)
 1813: entered the Gnomish Mines
 4017: reached Mine Town
 4369: attained the rank of Thaumaturge (level 6)
 4616: was bestowed with Magicbane by Anhur
 5733: killed by a hill orc

Spells:
 Name                 Level Category     Fail Retention
 force bolt             1   attack         3%   71%-75%
 confuse monster        1   enchantment    3%   71%-80%

Skills:
 Fighting Skills
   bare handed combat [Unskilled]
   riding             [Unskilled]
 Weapon Skills
   dagger             [Unskilled]
   knife              [Unskilled]
   axe                [Unskilled]
   short sword        [Unskilled]
   club               [Unskilled]
   mace               [Unskilled]
   quarterstaff       [Basic]
   polearms           [Unskilled]
   spear              [Unskilled]
   trident            [Unskilled]
   sling              [Unskilled]
   dart               [Unskilled]
   shuriken           [Unskilled]
 Spellcasting Skills
   attack spells      [Skilled]
   healing spells     [Unskilled]
   divination spells  [Unskilled]
   enchantment spells [Basic]
   clerical spells    [Unskilled]
   escape spells      [Unskilled]
   matter spells      [Unskilled]

Voluntary challenges:
 Character rerolling was not enabled.
 You never genocided any monsters.
 You never polymorphed an object.
 You never changed form.
 You used no wishes.
Achievements:
 You attained the rank of Conjurer.
 You entered the Gnomish Mines.
 You entered Minetown.
 You attained the rank of Thaumaturge.

 The Dungeons of Doom: levels 1 to 3
    Level 1:
       A sink.
    Level 2:
       Some fountains, some sinks, a grave.
       Stairs down to The Gnomish Mines.
    Level 3:
 The Gnomish Mines: levels 3 to 5
    Level 3:
    Level 4:
    Level 5: <- You were here.
       An altar to Anhur, some fountains.
       Final resting place for
          you, killed by a hill orc.


Vanquished creatures:
  2 orc-captains
  a dog
  a bugbear
 an imp
  a mountain nymph
  3 Mordor orcs
  5 Uruk-hai
  4 orc shamans
  2 ponies
  a shrieker
  4 gnome leaders
  a gnomish wizard
  a kobold mummy
  a giant ant
  a little dog
  4 floating eyes
  5 dwarves
  a homunculus
 19 hill orcs
  2 rothes
  a dwarf zombie
  a wererat
  3 acid blobs
  2 coyotes
  a gas spore
  2 hobbits
  2 giant rats
  a yellow mold
  a green mold
 16 gnomes
  a gnome zombie
  3 geckos
  6 jackals
  2 kobolds
  4 goblins
  5 sewer rats
  5 grid bugs
  9 lichens
  2 kobold zombies
 14 newts
141 creatures vanquished.

No species were genocided or became extinct.

Game over:
                       ----------
                      /          \
                     /    REST    \
                    /      IN      \
                   /     PEACE      \
                  /                  \
                  |      KraJa       |
                  |      144 Au      |
                  | killed by a hill |
                  |       orc        |
                  |                  |
                  |                  |
                  |       2026       |
                 *|     *  *  *      | *
        _________)/\\_//(\/(/\)/\//\/|_)_______

Goodbye KraJa the Wizard...

You died in The Gnomish Mines on dungeon level 5 with 2722 points,
and 144 pieces of gold, after 5733 moves.
You were level 6 with a maximum of 38 hit points when you died.

